 Dungeon Crawl Stone Soup version 0.28-a0-938-gbc3f381ebc (webtiles) character file.

Game seed: 4993798681009236741

261178 blizzaze the Slayer (level 19, 185/189 HPs)
             Began as a Minotaur Fighter on May 23, 2020.
             Was the Champion of Okawaru.
             Quit the game on level 4 of the Shoals on Nov 28, 2021.
             The game lasted 04:39:16 (52093 turns).

blizzaze the Slayer (Minotaur Fighter)             Turns: 52093, Time: 04:39:16

Health: 185/189    AC: 28    Str: 27    XL:     19   Next: 19%
Magic:  24/24      EV:  6    Int:  5    God:    Okawaru [******]
Gold:   3120       SH: 19    Dex: 12    Spells: 18/18 levels left

rFire   + + .      SeeInvis +   N - +9 broad axe of Waof {drain, rF+}
rCold   + . .      Faith    .   t - +2 kite shield {reflect}
rNeg    + . .      Spirit   .   W - +1 crystal plate armour
rPois   .          Reflect  +   Q - +0 mask of the Dragon {Will+ Slay+3 SInv}
rElec   +          Harm     .   v - scarf {rC+ rF+}
rCorr   .          Rampage  .   K - +0 pair of gloves
Will    ++++.                   (no boots)
Stlth   ..........              q - amulet of reflection
HPRegen 0.41/turn               E - ring of Biapihi {Contam rElec rN+ Will+}
MPRegen 0.19/turn               G - ring of willpower

@: no status effects
A: horns 2, retaliatory headbutt
}: 2/15 runes: serpentine, barnacled
a: Renounce Religion, Heroism, Finesse, Duel


You were on level 4 of the Shoals.
You worshipped Okawaru.
Okawaru was exalted by your worship.
You visited 6 branches of the dungeon, and saw 32 of its levels.
You also visited: Ice Cave.

You collected 3240 gold pieces.
You spent 120 gold pieces at shops.

Inventory:

Hand Weapons
 l - a +2 dire flail of holy wrath
 H - a +0 demon whip of draining
 N - the +9 broad axe of Waof (weapon) {drain, rF+}
   (You found it on level 2 of the Lair of Beasts)

   A truly terrible weapon, it drains the life of any living foe it strikes.
   rF:        It protects you from fire.
Missiles
 b - 65 silver javelins (quivered)
 p - 5 throwing nets
 U - 103 javelins
Armour
 t - a +2 kite shield of reflection (worn)
 v - a scarf of resistance (worn)
 K - a +0 pair of gloves (worn)
 Q - the +0 mask of the Dragon (worn) {Will+ Slay+3 SInv}
   (You found it on level 4 of the Shoals)

   Slay:      It affects your accuracy & damage with ranged weapons and melee
   (+3).
   SInv:      It lets you see invisible.
   Will:      It increases your willpower.
 W - a +1 crystal plate armour (worn)
Jewellery
 i - a ring of flight
 q - an amulet of reflection (around neck)
 z - a ring of protection from fire
 C - a ring of poison resistance
 E - the ring of Biapihi (left hand) {Contam rElec rN+ Will+}
   (You found it on level 6 of the Lair of Beasts)

   [ring of willpower]

   rElec:     It insulates you from electricity.
   rN:        It protects you from negative energy.
   Contam:    It causes magical contamination when unequipped.
   Will:      It increases your willpower.
 G - a ring of willpower (right hand)
 S - the ring of Amorality {rC+ rN+ Dex+2}
   (You acquired it on level 4 of the Shoals)

   [ring of positive energy]

   Dex:       It affects your dexterity (+2).
   rC:        It protects you from cold.
   rN:        It protects you from negative energy.
Wands
 c - a wand of polymorph (43)
 F - a wand of paralysis (30)
 I - a wand of acid (23)
 P - a wand of mindburst (51)
 R - a wand of flame (47)
 T - a wand of digging (7)
Scrolls
 a - 11 scrolls of removedness
 e - 5 scrolls of fog
 h - 6 scrolls of identify
 j - 8 scrolls of enchant weapon
 m - 5 scrolls of amnesia
 o - 6 scrolls of immolation
 r - 8 scrolls of teleportation
 y - 4 scrolls of blinking
 A - 3 scrolls of magic mapping
 J - 4 scrolls of enchant armour
 L - 4 scrolls of fear
 V - a scroll of brand weapon
 Z - a scroll of holy word
Potions
 d - 2 potions of might
 k - 2 potions of invisibility
 n - 11 potions of curing
 s - 7 potions of flight
 u - a potion of cancellation {unknown}
 w - a potion of magic
 B - 6 potions of lignification
 D - a potion of berserk rage
 M - 2 potions of resistance
 O - 2 potions of heal wounds
 X - a potion of haste
 Y - 3 potions of mutation
Comestibles
 f - 29 removed foods
 g - 5 removed foods


   Skills:
 - Level 21.1 Fighting
 + Level 20.9(23.0) Axes
 - Level 16.5(20.9) Maces & Flails
 + Level 8.2 Throwing
 - Level 17.8 Armour
 - Level 14.4 Shields
 - Level 8.0 Invocations


You had 18 spell levels left.
You didn't know any spells.
Your spell library contained the following spells:

 Spells                   Type           Power      Damage    Failure   Level
 Corona                   Hex            0%         N/A       100%        1
 Foxfire                  Conj/Fire      0%         2x1d4     100%        1
 Magic Dart               Conj           0%         1d3       100%        1
 Shock                    Conj/Air       0%         1d3       100%        1
 Slow                     Hex            0%         N/A       100%        1
 Sting                    Tmut/Pois      0%         1d3       100%        1
 Blink                    Tloc           0%         N/A       100%        2
 Ensorcelled Hibernation  Hex/Ice        0%         N/A       100%        2
 Poisonous Vapours        Pois/Air       0%         N/A       100%        2
 Static Discharge         Conj/Air       0%         N/A       100%        2
 Wereblood                Tmut           0%         N/A       100%        2
 Confusing Touch          Hex            0%         N/A       100%        3
 Conjure Flame            Conj/Fire      0%         6-21      100%        3
 Dazzling Flash           Conj/Hex       0%         N/A       100%        3
 Gell's Gravitas          Tloc           0%         N/A       100%        3
 Ignite Poison            Fire/Tmut/Pois 0%         N/A       100%        3
 Inner Flame              Hex/Fire       0%         N/A       100%        3
 Mephitic Cloud           Conj/Pois/Air  0%         N/A       100%        3
 Ozocubu's Armour         Ice            0%         N/A       100%        3
 Portal Projectile        Hex/Tloc       0%         N/A       100%        3
 Swiftness                Air            0%         N/A       100%        3
 Airstrike                Air            0%         N/A       100%        4
 Cause Fear               Hex            0%         N/A       100%        4
 Leda's Liquefaction      Hex/Erth       0%         N/A       100%        4
 Olgreb's Toxic Radiance  Pois           0%         N/A       100%        4
 Petrify                  Tmut/Erth      0%         N/A       100%        4
 Sticky Flame             Conj/Fire      0%         2d3       100%        4
 Borgnjor's Vile Clutch   Necr/Erth      0%         N/A       100%        5
 Fireball                 Conj/Fire      0%         3d3       100%        5
 Freezing Cloud           Conj/Ice/Air   0%         6-21      100%        5
 Lightning Bolt           Conj/Air       0%         1d11      100%        5
 Metabolic Englaciation   Hex/Ice        0%         N/A       100%        5
 Yara's Violent Unravell  Hex/Tmut       0%         3d3       100%        5
 Statue Form              Tmut/Erth      0%         N/A       100%        6
 Dragon Form              Tmut           0%         N/A       100%        7
 Orb of Destruction       Conj           0%         N/A       100%        7
 Ignition                 Fire           0%         3d3       100%        8
 Polar Vortex             Ice            0%         N/A       100%        9
 Shatter                  Erth           0%         3d5*      100%        9
 Call Imp                 Summ           Unusable   N/A       N/A         2
 Call Canine Familiar     Summ           Unusable   N/A       N/A         3
 Tukima's Dance           Hex            Unusable   N/A       N/A         3
 Summon Ice Beast         Ice/Summ       Unusable   N/A       N/A         4
 Summon Mana Viper        Hex/Summ       Unusable   N/A       N/A         5
 Spellforged Servitor     Conj/Summ      Unusable   N/A       N/A         7
 Summon Hydra             Summ           Unusable   N/A       N/A         7

Dungeon Overview and Level Annotations

Branches:
Dungeon (15/15)            Temple (1/1) D:6            Lair (6/6) D:11
 Shoals (4/4) Lair:2        Snake (4/4) Lair:2        Slime (0/5) Lair:5
    Orc (2/2) D:11            Elf (0/3) Orc:2        Vaults (0/5) D:14
 Depths (0/5) D:15          IceCv (visited)

Altars:
Ashenzari
Cheibriados
Dithmenos
Elyvilon
Fedhas
Gozag
Hepliaklqana
Kikubaaqudgha
Makhleb
Nemelex Xobeh
Okawaru
Qazlal
Ru
Sif Muna
Trog
Uskayaw
Vehumet
Wu Jian
Xom
Yredelemnul
Zin
The Shining One

Shops:
D:4 :   D:7 :(*   D:9 :   D:15 *   Orc:2 [**:(   Shoals:1 :   Snake:3 ?

Annotations:
D:14 Roxanne


Innate Abilities, Weirdness & Mutations

You have a pair of horns on your head.
You reflexively headbutt those who attack you in melee.


Message History

Press: ? - help, Shift-Dir - straight line, p - wind drake
Okay, then.
You slice the wind drake!! Your headbutt misses the wind drake.
The wind drake is almost dead.
You barely miss the wind drake.
The wind drake is almost dead.
The wind drake bites you.
You slice the wind drake!!
You kill the wind drake!
Okawaru accepts your kill.
You start resting.
HP restored.
You see here a wind drake corpse.
You butcher the wind drake corpse.
g - 5 chunks of flesh You see here a wind drake skeleton.
Splash!
You fall into the shallow water.
Moving in this stuff is going to be slow.
You enter the shallow water.
Moving in this stuff is going to be slow.
U - 103 javelins (gained 5) Partly explored, can't reach some places.
Partly explored, can't reach some places.
Search for what [Enter for "amulet", or ? for help]? amulet Saving game... please wait.
Welcome back, blizzaze the Minotaur Fighter.
Okawaru says: Bring me glory in combat!
Press ? for a list of commands and other information.
Drop what? 51/52 slots (_ for help) (? for menu, Esc to quit)
Okay, then.
Your Fighting skill increases to level 21!
Your base Axes skill increases to level 20!
Your base Maces & Flails skill increases to level 16!
Welcome back, blizzaze the Minotaur Fighter.
Okawaru says: Bring me glory in combat!
Press ? for a list of commands and other information.
Okay, then.
Unknown command.
Are you sure you want to abandon this character and quit the game? (Confirm with "yes".)

≈≈≈≈≈≈≈≈≈≈ ≈≈≈≈≈≈≈≈≈≈≈≈≈≈≈
≈≈≈≈≈≈≈≈≈≈≈≈≈≈≈≈≈≈≈≈≈≈≈≈≈≈≈≈
≈≈≈≈≈≈≈≈≈≈≈≈≈≈≈≈≈≈≈≈≈≈≈≈≈≈≈≈
≈≈≈≈≈≈≈≈≈≈≈≈≈≈≈≈≈≈≈≈≈≈≈≈≈≈≈≈
≈≈≈≈≈≈≈≈≈≈≈≈≈≈≈≈≈≈≈≈≈≈≈≈≈≈≈≈
.≈≈≈≈≈≈≈≈≈≈≈≈≈≈≈≈≈≈≈≈≈≈≈≈≈≈≈
≈.≈≈≈≈≈≈≈≈≈≈≈≈≈≈≈≈≈≈≈≈≈≈≈≈≈≈
#..≈≈≈≈≈≈≈≈≈≈≈≈≈≈≈≈≈≈≈≈≈≈≈≈≈
##....≈≈≈≈≈≈≈≈≈.@..≈≈≈≈≈≈≈≈≈≈
≈##.....≈≈≈≈≈≈≈.##..≈≈≈≈≈≈≈≈≈≈
###.....≈≈≈≈≈≈≈≈.##.≈≈≈≈≈≈≈≈≈≈≈≈
# #........≈≈≈≈≈...≈≈≈≈≈≈≈≈≈≈≈≈≈≈
###...≈.......≈≈.≈≈≈.≈≈≈≈≈≈≈≈≈≈≈≈
≈##.................÷≈≈≈≈≈≈≈≈≈≈≈≈
###(...............(.≈≈≈≈≈≈≈≈≈≈≈≈
#..≈≈≈................≈≈≈≈≈≈≈≈≈≈≈
#.≈≈≈≈≈≈...............≈≈≈≈≈≈≈≈≈≈


There were no monsters in sight!

Vanquished Creatures
  Vashnia (Snake:4)
  Polyphemus (Shoals:4)
  2 krakens
  Gastronok (D:12)
  Kirke (D:14)
  Ilsuiw (Shoals:4)
  10 nagarajas
  A frost giant (Shoals:4)
  An orc warlord (Orc:1)
  A caustic shrike zombie (D:15)
  8 merfolk javelineers
  Erolcha (D:13)
  13 merfolk impalers
  4 hydras
  15 naga warriors
  9 anacondas
  4 catoblepae
  3 two-headed ogres
  3 merfolk avatars
  4 centaur warriors
  A death knight (D:15)
  6 merfolk aquamancers
  An ogre mage (D:14)
  24 death yaks
  A satyr (Shoals:4)
  A deep troll shaman (Lair:6)
  5 orc high priests
  4 shock serpents
  18 naga sharpshooters
  Nergalle (D:10)
  5 salamander mystics
  6 skeletal warriors
  16 sea snakes
  3 unseen horrors
  A lindwurm (Lair:6)
  16 naga ritualists
  14 harpies
  A tengu zombie (D:15)
  A wolf spider zombie (D:15)
  4 orc knights
  A deep elf archer (D:14)
  A stone giant zombie (D:15)
  A phantasmal warrior (D:14)
  13 mana vipers
  A necromancer (D:15)
  4 deep elf pyromancers
  7 cyclopes
  15 manticores
  4 oklob plants (Lair:2)
  6 ugly things
  8 orc sorcerers
  21 salamanders
  11 fauns
  15 elephants
  A frost giant skeleton (D:15)
  34 black mambas
  11 merfolk sirens
  2 ice statues (IceCv)
  3 guardian serpents
  25 naga magi
  Maurice (D:12)
  5 cane toads
  4 water nymphs
  12 rime drakes
  A redback zombie (D:15)
  2 kobold demonologists
  3 efreet
  3 komodo dragons
  A yaktaur (D:15)
  28 merfolk
  A guardian mummy (D:15)
  8 trolls
  2 polar bears (Lair:6)
  A harpy skeleton (D:14)
  3 slime creatures (D:13)
  20 blink frogs
  9 removed hippogriffs
  4 wind drakes (Shoals:4)
  4 dream sheep (Shoals:2)
  4 snapping turtles
  2 centaur simulacra (D:14)
  3 shadows
  5 hogs
  A human (D:7)
  6 water elementals
  2 wyverns
  2 basilisks
  55 yaks
  A wraith (D:13)
  Grum (D:9)
  Menkaure (D:5)
  A removed hungry ghost (D:7)
  A warg (Orc:1)
  57 nagas
  Duvessa (D:4)
  A removed soldier ant (D:8)
  12 removed porcupines
  19 water moccasins
  3 hornet zombies
  18 ice beasts
  39 orc warriors
  3 black bears
  3 sky beasts
  22 ogres
  2 removed eyes of draining
  2 phantoms
  17 wolves
  11 removed crocodiles
  19 centaurs
  7 kobold brigands
  16 bullfrogs
  A wyvern zombie (D:8)
  Dowan (D:4)
  2 wyvern skeletons
  A water moccasin zombie (D:5)
  7 scorpions
  6 killer bees (D:9)
  8 wights
  5 howler monkeys
  6 crimson imps
  2 quasits
  2 bullfrog zombies
  6 centaur skeletons
  14 orc priests
  9 jellies
  Crazy Yiuf (D:3)
  5 hounds
  45 orc wizards
  3 iguanas
  11 removed worker ants
  A hound zombie (D:5)
  A hound skeleton (D:11)
  A howler monkey skeleton (D:4)
  A howler monkey zombie (D:11)
  Robin (D:2)
  3 removed worker ant zombies
  15 adders
  4 gnolls (D:8)
  A shadow imp (D:8)
  An adder zombie (D:7)
  5 worms
  2 dart slugs
  102 orcs
  2 removed leopard geckos
  10 bats
  3 giant cockroaches
  17 goblins
  11 hobgoblins
  20 jackals
  24 kobolds
  3 quokkas
  3 ball pythons
  4 frilled lizards
  A jackal skeleton (D:6)
  5 rats
  10 plants
  7 tentacles
  A withered plant (D:15)
1240 creatures vanquished.

Vanquished Creatures (others)
  A naga sharpshooter (Snake:3)
  A manticore (Shoals:1)
  2 merfolk sirens
  A centaur skeleton (D:14)
  A merfolk (Shoals:4)
  A human (D:14)
  An orc warrior (D:12)
  2 centaurs (D:14)
  2 orc priests
  An orc wizard (Orc:2)
  An orc (Orc:1)
  2 bushes
  22 fungi
  24 plants
  15 tentacles
  5 withered plants (D:15)
82 creatures vanquished.

Grand Total: 1322 creatures vanquished

Notes
Turn   | Place    | Note
-------+----------+-------------------------------------------
     0 | D:1      | blizzaze the Minotaur Fighter began the quest for the Orb.
     0 | D:1      | Reached XP level 1. HP: 19/19 MP: 0/0
   199 | D:1      | Reached XP level 2. HP: 27/27 MP: 1/1
   382 | D:1      | Reached skill level 4 in Fighting
   535 | D:2      | Reached XP level 3. HP: 18/33 MP: 2/2
  1741 | D:2      | Reached XP level 4. HP: 41/41 MP: 3/3
  1879 | D:2      | Noticed Robin
  1888 | D:2      | Killed Robin
  1888 | D:2      | Reached skill level 5 in Maces & Flails
  2216 | D:3      | Reached XP level 5. HP: 44/47 MP: 4/4
  2373 | D:3      | Reached skill level 5 in Fighting
  2753 | D:3      | Found a runed translucent door.
  2754 | D:3      | Noticed Crazy Yiuf
  3082 | D:4      | Noticed an ice beast
  3102 | D:4      | Noticed an ogre
  3324 | D:4      | Reached skill level 1 in Throwing
  3429 | D:4      | Killed an ice beast
  3429 | D:4      | Reached XP level 6. HP: 57/57 MP: 5/5
  3654 | D:4      | Reached skill level 6 in Fighting
  3689 | D:4      | Reached XP level 7. HP: 52/63 MP: 6/6
  4078 | D:4      | Found Jutikheu's Book Emporium.
  4083 | D:4      | Noticed Duvessa
  4102 | D:4      | Noticed Dowan
  4120 | D:4      | Killed Duvessa
  4132 | D:4      | Killed Dowan
  4361 | D:4      | Reached skill level 7 in Fighting
  4446 | D:4      | Found a radiant altar of Vehumet.
  4463 | D:4      | Found an opulent altar of Gozag.
  4464 | D:4      | Found a snail-covered altar of Cheibriados.
  4469 | D:4      | Found a blossoming altar of Fedhas.
  4470 | D:4      | Found a hide-covered altar of Uskayaw.
  4509 | D:5      | Entered Level 5 of the Dungeon
  4724 | D:5      | Reached XP level 8. HP: 58/73 MP: 7/7
  4997 | D:5      | Reached skill level 8 in Fighting
  5430 | D:6      | Noticed Menkaure
  5440 | D:5      | Killed Menkaure
  5440 | D:5      | Reached skill level 5 in Throwing
  5514 | D:6      | Found a staircase to the Ecumenical Temple.
  5523 | Temple   | Entered the Ecumenical Temple
  5631 | Temple   | Became a worshipper of Warmaster Okawaru
  5735 | D:6      | Found an iron altar of Okawaru.
  5958 | D:6      | Got a faintly glowing falchion
  6391 | D:6      | Reached XP level 9. HP: 82/82 MP: 8/8
  6449 | D:7      | Reached skill level 9 in Fighting
  6455 | D:7      | Reached * piety under Okawaru
  6634 | D:7      | Reached skill level 10 in Maces & Flails
  6937 | D:7      | Reached ** piety under Okawaru
  6937 | D:7      | Reached skill level 10 in Fighting
  6937 | D:7      | Reached skill level 1 in Invocations
  7173 | D:7      | Found Dyut's Assorted Antiques.
  7289 | D:7      | Found a hazy altar of Hepliaklqana.
  7289 | D:7      | Found a burning altar of Makhleb.
  7389 | D:7      | Reached XP level 10. HP: 85/94 MP: 11/11
  7501 | D:7      | Found Unoteixt's Antique Weapon Boutique.
  7795 | D:7      | Found Ziti's Book Emporium.
  7937 | D:7      | Upgraded the game from 0.25-a0-1136-gc1285e62ab to
                  | 0.26-a0-6-g448add79b7
  8040 | D:3      | Killed Crazy Yiuf
  8040 | D:3      | Reached *** piety under Okawaru
  8247 | D:8      | Received a gift from Okawaru
  8445 | D:8      | Reached skill level 11 in Fighting
  8523 | D:8      | Found a shimmering altar of Xom.
  8829 | D:8      | Reached **** piety under Okawaru
  9309 | D:9      | Reached skill level 5 in Shields
  9452 | D:9      | Reached skill level 5 in Armour
  9860 | D:9      | Noticed Grum
  9881 | D:9      | Killed Grum
 10071 | D:9      | Found Moqumaar's Book Boutique.
 10089 | D:9      | Reached XP level 11. HP: 98/103 MP: 12/12
 10166 | D:9      | Found an ornate altar of the Wu Jian Council.
 10350 | D:10     | Entered Level 10 of the Dungeon
 10354 | D:10     | Reached ***** piety under Okawaru
 10360 | D:10     | Got a faintly glowing hunting sling
 10371 | D:10     | Identified the +10 hunting sling of Truncation {freeze,
                  | +Fly rPois rF- MR++} (You found it on level 10 of the
                  | Dungeon)
 10781 | D:10     | Received a gift from Okawaru
 11482 | D:11     | Noticed Nergalle
 11767 | D:10     | Reached skill level 12 in Fighting
 12141 | D:11     | Found a staircase to the Lair.
 12180 | D:10     | Killed Nergalle
 12180 | D:10     | Received a gift from Okawaru
 12770 | D:10     | Killed an unseen horror
 13107 | D:11     | Reached skill level 5 in Invocations
 13282 | D:11     | Found a staircase to the Orcish Mines.
 13837 | Lair:1   | Entered Level 1 of the Lair of Beasts
 13871 | Lair:1   | Received a gift from Okawaru
 14462 | Lair:1   | Received a gift from Okawaru
 14462 | Lair:1   | Reached skill level 13 in Fighting
 14782 | Lair:1   | Noticed a seven-headed hydra
 14831 | D:11     | Killed a seven-headed hydra
 14831 | D:11     | Reached XP level 12. HP: 59/115 MP: 15/15
 15506 | Lair:2   | Found a frozen archway.
 15682 | Lair:2   | Found a staircase to the Snake Pit.
 15805 | Lair:2   | Found a staircase to the Shoals.
 16060 | IceCv    | Entered an ice cave
 16069 | IceCv    | Reached skill level 15 in Maces & Flails
 16886 | IceCv    | Noticed an ice dragon
 16886 | IceCv    | Noticed an ice dragon
 17568 | Lair:2   | Reached skill level 14 in Fighting
 18254 | Lair:2   | Received a gift from Okawaru
 18333 | Lair:2   | Got a smoking broad axe
 18336 | Lair:2   | Identified the +9 broad axe of Waof {drain, rF+} (You found
                  | it on level 2 of the Lair of Beasts)
 18558 | Lair:3   | Reached skill level 1 in Axes
 18813 | Lair:3   | Received a gift from Okawaru
 19159 | Lair:3   | You fall into a shaft and drop 2 floors!
 19159 | Lair:5   | Noticed a death yak
 19159 | Lair:5   | Noticed a death yak
 19159 | Lair:5   | Noticed a death yak
 19160 | Lair:5   | Noticed a death yak
 19198 | Lair:5   | Reached XP level 13. HP: 72/125 MP: 18/18
 19240 | Lair:5   | Reached skill level 15 in Fighting
 19336 | Lair:5   | Reached ****** piety under Okawaru
 19361 | Lair:5   | Reached skill level 5 in Axes
 19362 | Lair:5   | Received a gift from Okawaru
 19695 | Lair:5   | Received a gift from Okawaru
 20182 | Lair:3   | Received a gift from Okawaru
 20930 | Lair:4   | Reached skill level 16 in Fighting
 21315 | Lair:4   | Received a gift from Okawaru
 21918 | Lair:5   | Received a gift from Okawaru
 22206 | Lair:5   | Got a dazzling war axe {god gift}
 22340 | Lair:5   | Found a staircase to the Slime Pits.
 22811 | Lair:6   | Entered Level 6 of the Lair of Beasts
 22901 | Lair:5   | Identified the +8 war axe "Orb Guardian's Doom" {antimagic,
                  | rPois rC+ MR++ Stlth-} (Okawaru gifted it to you on level 5
                  | of the Lair of Beasts)
 23009 | Lair:6   | Reached skill level 10 in Axes
 23062 | Lair:6   | Reached XP level 14. HP: 138/138 MP: 19/19
 23241 | Lair:6   | Reached skill level 17 in Fighting
 23424 | Lair:5   | Received a gift from Okawaru
 26073 | Lair:6   | Got a transparent amber ring
 26080 | Lair:6   | Identified The Intricacies of Witchcraft
 26087 | Lair:6   | Identified the ring of Biapihi {*Contam rElec rN+ MR+} (You
                  | found it on level 6 of the Lair of Beasts)
 26357 | D:12     | Noticed Maurice
 26365 | D:11     | Received a gift from Okawaru
 26444 | D:12     | Killed Maurice
 26490 | D:12     | Received a gift from Okawaru
 27221 | D:12     | Noticed Gastronok
 27245 | D:12     | Killed Gastronok
 27245 | D:12     | Reached skill level 18 in Fighting
 27581 | D:13     | Noticed Erolcha
 27598 | D:13     | Killed Erolcha
 28380 | D:14     | Reached XP level 15. HP: 149/149 MP: 20/20
 29050 | D:14     | Noticed Roxanne
 29081 | D:14     | Received a gift from Okawaru
 29331 | D:14     | Found a gate to the Vaults.
 29362 | D:14     | Noticed Kirke
 29388 | D:14     | Killed Kirke
 30396 | D:15     | Entered Level 15 of the Dungeon
 30556 | D:15     | Received a gift from Okawaru
 31621 | D:15     | Found a staircase to the Depths.
 31684 | D:15     | Found Fiwug's Fabulous Fripperies.
 31738 | D:15     | Received a gift from Okawaru
 31757 | D:15     | Reached skill level 10 in Shields
 32157 | D:15     | Reached skill level 10 in Armour
 32269 | D:15     | Received a gift from Okawaru
 32682 | Orc:1    | Entered Level 1 of the Orcish Mines
 32821 | Orc:1    | Paralysed by an orc sorcerer for 7 turns
 32913 | Orc:1    | You fall into a shaft and drop 1 floor!
 32913 | Orc:2    | Entered Level 2 of the Orcish Mines
 32950 | Orc:2    | Paralysed by an orc sorcerer for 3 turns
 32976 | Orc:2    | Found Uphuzigo's Assorted Antiques.
 33459 | Orc:2    | Noticed an orc warlord
 33582 | Orc:1    | Received a gift from Okawaru
 33610 | Orc:1    | Got a warped hat {god gift}
 33616 | Orc:1    | Identified the +0 hat "Taguison" {Harm *Corrode MR+ Int+8}
                  | (Okawaru gifted it to you on level 1 of the Orcish Mines)
 34103 | Orc:1    | Killed an orc warlord
 34284 | Orc:2    | Paralysed by an orc sorcerer for 7 turns
 34929 | Orc:2    | Reached XP level 16. HP: 159/159 MP: 21/21
 35242 | Orc:2    | Found Buakk's Book Emporium.
 35354 | Orc:2    | Found Qygre's General Store.
 35362 | Orc:2    | Bought a scroll of enchant armour for 120 gold pieces
 35450 | Orc:2    | Found a staircase to the Elven Halls.
 35452 | Orc:2    | Found Duwa's Antique Armour Emporium.
 35715 | Orc:2    | Found Reteitae's Antique Weapon Shoppe.
 36091 | Snake:1  | Entered Level 1 of the Snake Pit
 37104 | Snake:1  | Found a bloodstained altar of Trog.
 37464 | Snake:2  | Got a crystal flail
 37466 | Snake:2  | Identified the +8 flail "Mitt" {drain, Str+5} (You found it
                  | on level 2 of the Snake Pit)
 37532 | Snake:2  | You fall into a shaft and drop 1 floor!
 37559 | Snake:3  | Received a gift from Okawaru
 37859 | Snake:2  | Reached skill level 15 in Axes
 37863 | Snake:2  | Received a gift from Okawaru
 38483 | Snake:2  | Received a gift from Okawaru
 38593 | Snake:2  | Found a snail-covered altar of Cheibriados.
 39278 | Snake:3  | Received a gift from Okawaru
 39278 | Snake:3  | Reached XP level 17. HP: 73/166 MP: 22/22
 40315 | Snake:3  | Found Nazaut's Magic Scroll Shoppe.
 40323 | Snake:3  | Got a jewelled scale mail
 40335 | Snake:3  | Identified the +3 scale mail of Uhir {rF+} (You found it on
                  | level 3 of the Snake Pit)
 40433 | Snake:4  | Entered Level 4 of the Snake Pit
 40610 | Snake:4  | Reached skill level 19 in Fighting
 41091 | Snake:4  | Noticed Vashnia
 41141 | Snake:4  | Killed Vashnia
 41458 | Snake:4  | Received a gift from Okawaru
 42549 | Snake:4  | Received a gift from Okawaru
 42634 | Snake:4  | Got a faintly humming hat {god gift}
 42641 | Snake:4  | Identified the +1 hat of Surprise {MR+} (Okawaru gifted it
                  | to you on level 4 of the Snake Pit)
 42705 | Snake:4  | Reached skill level 15 in Armour
 43818 | Snake:4  | Reached XP level 18. HP: 151/178 MP: 23/23
 44110 | Snake:4  | Reached skill level 20 in Fighting
 44125 | Snake:4  | Got a serpentine rune of Zot
 44411 | Shoals:1 | Entered Level 1 of the Shoals
 44525 | Shoals:1 | Found Cuniom's Book Boutique.
 45172 | Shoals:1 | Identified the Incunabulum of the Assistive Mountains
 46535 | Shoals:2 | Received a gift from Okawaru
 47092 | Shoals:2 | Received a gift from Okawaru
 47097 | Shoals:2 | Got a dazzling morningstar {god gift}
 47144 | Shoals:2 | Identified the +8 morningstar "Gitayqokk" {freeze, *Drain
                  | +Fly Int+4} (Okawaru gifted it to you on level 2 of the
                  | Shoals)
 48953 | Shoals:4 | Entered Level 4 of the Shoals
 49075 | Shoals:4 | Received a gift from Okawaru
 50224 | Shoals:4 | Identified a scroll of acquirement
 50227 | Shoals:4 | Got the ring of Amorality {rC+ rN+ Dex+2}
 50322 | Shoals:4 | Got a barnacled rune of Zot
 50577 | Shoals:4 | Noticed Polyphemus
 50606 | Shoals:4 | Killed Polyphemus
 50606 | Shoals:4 | Reached XP level 19. HP: 146/185 MP: 24/24
 51260 | Shoals:4 | Noticed Ilsuiw
 51314 | Shoals:4 | Killed Ilsuiw
 51795 | Shoals:4 | Received a gift from Okawaru
 51900 | Shoals:4 | Found the +0 mask of the Dragon {MR+ Slay+3 SInv}
 52093 | Shoals:4 | Reached skill level 21 in Fighting
 52093 | Shoals:4 | Upgraded the game from 0.26-a0-6-g448add79b7 to
                  | 0.28-a0-938-gbc3f381ebc
 52093 | Shoals:4 | Quit the game

Illustrated notes

Levels and vault maps discovered:
D:1:      sevenhm_arrival_forest_fort_large_1, layout_loops_ring,
          minmay_crystal_room
D:2:      layout_basic, uniq_robin
D:3:      layout_loops_ring, uniq_crazy_yiuf_cottage
D:4:      layout_cave_pools, minitemple, first_ration, serial_shops,
          nicolae_shop_competitors_out_of_business, chequers_decorated_corner,
          grunt_decor_one_mirror, uniq_duvessa
D:5:      layout_basic
D:6:      layout_gridville, minmay_temple_entry_slanted,
          okawaru_metal_pillars_1_2, uniq_menkaure
D:7:      layout_basic, gammafunk_temple_overflow_wave, serial_shops, shop,
          nicolae_shop_overgrown_old_shop, shop, grunt_livestock,
          corexii_leaking_fountain, centaur_isle
D:8:      layout_loops_ring, kennysheep_mini_moat
D:9:      layout_roguey, overflow_temple_1_default, serial_shops, shop,
          uniq_grum
D:10:     layout_basic
D:11:     layout_rooms, grunt_lair_entry_orc_guard_hut, hiddenorc2_lemuel,
          uniq_nergalle
D:12:     layout_rooms, lemuel_flame_loot_1, uniq_maurice, uniq_gastronok
D:13:     layout_cave_pools, uniq_erolcha
D:14:     layout_layer_cave, hangedman_vaults_entry_quadrant_bands,
          serial_bayou_pond_d, uniq_kirke, uniq_roxanne
D:15:     gammafunk_depths_entry_grave, layout_loops_cross, serial_rivers,
          chequers_serial_rivers_large_b, chequers_serial_rivers_micro_d,
          chequers_serial_rivers_large_a, chequers_serial_rivers_small_a,
          chequers_serial_rivers_small_b, hex_tiny, nicolae_alphabet_shops,
          minmay_circle_x
Temple:   cyrus_circular_temple
Lair:1:   beast_lair_carwin_large_2, layout_long_grid
Lair:2:   minmay_lair_oklob_tunnel, layout_cave_pods,
          minmay_shoals_entry_beasts, minmay_snake_entry_six_corridors,
          portal_ice_cave_entry_pillars_1, lemuel_fruit_fields
Lair:3:   layout_roguey
Lair:4:   layout_concentric_octagons, grunt_megastairs_4
Lair:5:   layout_roguey, dpeg_slime_entry_corner, minmay_lair_drake_nest
Lair:6:   grunt_lair_end_beastmaster, layout_regular_city, st_stairs_11,
          minmay_hedge_maze, patterned_corridor
Shoals:1: layout_shoals, nicolae_shoals_c_island
Shoals:2: nzn_motion_control, layout_shoals, nicolae_shoals_hunting_party
Shoals:3: cheibrodos_shoals_three_sisters, layout_shoals
Shoals:4: shoals_end_grunt_ice, layout_shoals, shoals_ilsuiw_ice,
          uniq_polyphemus
Snake:1:  layout_cave_pods, basic_altar
Snake:2:  cheibrodos_snake_lava_hold, layout_misc_corridors, basic_altar,
          nicolae_coiled_stairwell_up
Snake:3:  layout_cave_town, serial_shops, shop
Snake:4:  snake_pit, layout_cave_town, uniq_vashnia
Orc:1:    lemuel_ogre_cave, layout_diamond_mine
Orc:2:    grunt_orc_gardens, layout_caves, grunt_orc_garden, grunt_orc_garden,
          grunt_orc_garden, grunt_orc_garden, serial_shops,
          nicolae_shop_overgrown_old_shop, guppyfry_library_mini

Skill      XL: |  1  2  3  4  5  6  7  8  9 10 11 12 13 14 15 16 17 18 19 |
---------------+----------------------------------------------------------+-----
Maces & Flails | 3 4 5 6 8 9 11 13 14 15 16 | 16.5
Fighting       | 4 5 6 7 8 10 11 13 14 16 18 19 20 21 | 21.1
Throwing       | 2 4 5 6 7 8 |  8.2
Invocations    | 2 3 6 8 |  8.0
Armour         | 5 8 10 13 15 17 | 17.8
Shields        | 5 8 10 13 14 | 14.4
Axes           | 3 10 12 14 15 16 19 20 | 20.9

Action                   |  1- 3 |  4- 6 |  7- 9 | 10-12 | 13-15 | 16-18 | 19-21 || total
-------------------------+-------+-------+-------+-------+-------+-------+-------++-------
Melee: Flail             |    61 |       |       |       |       |       |       ||    61
       Headbutt          |     9 |    25 |    68 |   281 |   606 |   276 |    17 ||  1282
       Whip              |    33 |   124 |   272 |  1062 |  1719 |       |       ||  3210
       Morningstar       |       |       |       |    64 |       |       |       ||    64
       Broad axe         |       |       |       |       |   178 |  1221 |    90 ||  1489
Throw: Dart              |       |    15 |     7 |    15 |    52 |   156 |       ||   245
       Javelin           |       |       |       |    22 |    20 |    45 |    39 ||   126
 Abil: No ability        |       |       |     2 |       |       |       |       ||     2
Evoke: Wand              |       |       |       |     5 |     5 |       |       ||    10
  Use: Scroll            |     5 |     3 |     3 |    17 |     7 |     7 |       ||    42
       Potion            |       |       |       |       |       |     4 |       ||     4
  Eat: Removed food      |     3 |     3 |     8 |    14 |    20 |     9 |     3 ||    60
       Removed food      |       |     1 |     1 |     7 |     9 |    12 |     1 ||    31
Armor: Scale mail        |    29 |    27 |     1 |   134 |       |       |       ||   191
       Plate armour      |       |       |    84 |       |       |       |       ||    84
       Crystal plate arm |       |       |       |   126 |   568 |   476 |    83 ||  1253
Dodge: Dodged            |    20 |    13 |    24 |   108 |    82 |   168 |    23 ||   438
Block: Kite shield       |    38 |    43 |   149 |   497 |   995 |  1120 |   131 ||  2973
       Reflection        |       |       |    30 |    29 |    80 |   214 |     2 ||   355

Table legend: (Time is in decaauts)
 A = Elapsed time spent in this place.
 B = Non-inter-level travel time spent in this place.
 C = Inter-level travel time spent in this place.
 D = Time resting spent in this place.
 E = Time spent auto-exploring this place.
 F = Levels seen in this place.
 G = Mean time per level.
                   A        B        C        D        E       F      G
               +--------+--------+--------+--------+--------+-----+--------+
         Total |  50877 |  48403 |   2474 |  19719 |  14504 |  33 | 1541.7 |
       Dungeon |  20295 |  18886 |   1409 |   6598 |   6500 |  15 | 1353.0 |
        Temple |    117 |    117 |      0 |      0 |     44 |   1 |  117.0 |
          Lair |  10466 |   9981 |    485 |   3832 |   3523 |   6 | 1744.3 |
        Shoals |   7891 |   7714 |    177 |   3269 |   2013 |   4 | 1972.8 |
     Snake Pit |   8063 |   7757 |    306 |   3999 |   1761 |   4 | 2015.8 |
  Orcish Mines |   2963 |   2868 |     95 |   1323 |    630 |   2 | 1481.5 |
      Ice Cave |   1079 |   1079 |      0 |    698 |     33 |   1 | 1079.0 |
               +--------+--------+--------+--------+--------+-----+--------+
